 Dungeon Crawl Stone Soup version 0.16-b1 (webtiles) character file.

4034 dysrexia the Agent of Entropy (level 10, -10/69 HPs)
             Began as an Octopode Abyssal Knight on Mar 15, 2015.
             Was a Priest of Lugonu.
             Mangled by a yak (17 damage)
             ... on level 8 of the Dungeon.
             The game lasted 00:41:36 (11329 turns).

dysrexia the Agent of Entropy (OpAK)               Turns: 11329, Time: 00:41:36

Health: -10/69     AC:  1    Str: 11    XL:     10   Next: 24%
Magic:  23/23      EV: 16    Int: 14    God:    Lugonu [***...]
Gold:   363        SH:  6    Dex: 16    Spells: 0 memorised, 9 levels left

rFire  + . .     SeeInvis +     a - +1 falchion
rCold  x . .     Clarity  .     o - +1 buckler
rNeg   . . .     SustAb   .     (helmet restricted)
rPois  +         Gourm    +     B - amulet of the gourmand
rElec  .         Spirit   .     h - ring of flight
rCorr  .         Warding  .     w - ring "Ikkour" {Fire Contam +Inv rPois SInv}
rMut   .         Stasis   .     (no ring)
MR     .....                    (no ring)
Stlth  ++++......               (no ring)
                                (no ring)
                                (no ring)
                                (no ring)

@: not resistant to hostile enchantments, stealthy
A: almost no armour, amphibious, 8 rings, constrict 8, camouflage 1, gelatinous
body 1
a: Depart the Abyss, Bend Space, Banish, Renounce Religion, Evoke Invisibility,
Evoke Flight


You were on level 8 of the Dungeon.
You worshipped Lugonu.
Lugonu was most pleased with you.
You were not hungry.

You visited 2 branches of the dungeon, and saw 10 of its levels.
You visited the Abyss 1 time.

You collected 478 gold pieces.
You spent 115 gold pieces at shops.

Inventory:

Hand weapons
 a - a +1 falchion (weapon)
 r - a +0 long sword
Missiles
 e - 271 stones (quivered)
 A - 20 poisoned needles
Armour
 o - a +1 buckler (worn)
Jewellery
 h - a ring of flight (left tentacle)
 w - the ring "Ikkour" (right tentacle) {Fire Contam +Inv rPois SInv}
   (You found it on level 5 of the Dungeon)

   [ring of fire]

   It enhances your fire magic, and weakens your ice magic.
   It protects you from fire.
   It makes you vulnerable to cold.
   It protects you from poison.
   It enhances your eyesight.
   It lets you turn invisible.
   It causes magical contamination when unequipped.
 B - an amulet of the gourmand (around mantle)
Magical devices
 m - a wand of fire (7)
 n - a wand of magic darts (36)
 q - a wand of flame (27)
 u - a wand of digging (10)
 C - a wand of fireball (3)
Scrolls
 i - a scroll of blinking
 j - 2 scrolls of fog
 p - 2 scrolls of teleportation
 s - 8 scrolls of identify
 t - a scroll of enchant weapon
 v - a scroll of recharging
 y - a scroll of magic mapping
 z - a scroll of amnesia
 E - 3 scrolls of enchant armour
 H - a scroll of remove curse
Potions
 b - 2 potions of cancellation
 d - 5 potions of brilliance
 f - a potion of restore abilities
 l - 3 potions of curing
 G - a potion of ambrosia {unknown}
Comestibles
 c - 6 bread rations
 g - 3 meat rations


   Skills:
 * Level 6.5 Fighting
 + Level 5.5 Long Blades
 - Level 6.0 Dodging
 - Level 3.8 Stealth
 - Level 5.3 Shields
 - Level 10.0 Invocations


You had 9 spell levels left.
You didn't know any spells.

Dungeon Overview and Level Annotations

Branches:
Dungeon (9/15)             Temple (0/1) D:5            Lair (1/8) D:8
    Orc: D:9-12

Altars:
Cheibriados
Elyvilon
Makhleb
Vehumet

Shops:
D:4 ?   D:7 :([

Annotations:
D:4 Adolphin's ghost, average DsWn
D:5 exclusion: centaur
Abyss:1 Erolcha; Nergalle


Innate Abilities, Weirdness & Mutations

You cannot wear most types of armour.
You are amphibious.
You can wear up to eight rings at the same time.
You can use your tentacles to constrict many enemies at once.
Your skin changes colour to match your surroundings (Stealth).
Your rubbery body absorbs attacks (AC +1).


Message History

You hit the yak but do no damage. Your squeeze misses the yak.
You block the yak's attack.
You hit the yak. Your squeeze misses the yak.
The yak is lightly wounded.
You block the yak's attack.
You barely miss the yak. You squeeze the yak.
The yak is moderately wounded.
The yak closely misses you.
You completely miss the yak.
The yak is moderately wounded.
You block the yak's attack.
You hit the yak. You squeeze the yak.
The yak is moderately wounded.
The yak completely misses you.
You closely miss the yak. You squeeze the yak!
The yak is heavily wounded.
The yak gores you!
* * * LOW HITPOINT WARNING * * *
The yak gores you!
You die...

#.............####.####
#.###########.# #.# #
#.# ###.####.# # #.#
#.....##.# # #.#
##.#.#.##.#### #.#
#......##..... ##.##
#..#.#..######
#...#######(......## #
#......@Y.>#######.# #
#...#######.##
##.###### #####
##.###........
##.#.(.......
##.######### ###


You could see a yak.

Vanquished Creatures
  A black mamba (Lair:1)
  A spiny frog (D:8)
  A hippogriff (D:8)
  A hungry ghost (D:8)
  A deep elf fighter (D:8)
  A sky beast (D:8)
  An orc warrior (D:8)
  3 centaurs
  2 crocodiles
  7 giant frogs
  A water moccasin skeleton (D:7)
  2 scorpions (D:8)
  4 hounds
  A gnoll shaman (D:5)
  2 orc priests (D:7)
  A goliath beetle (D:8)
  2 centaur skeletons
  3 giant frog skeletons
  2 iguanas
  2 orc wizards
  4 worker ants
  A worker ant zombie (D:8)
  7 gnolls
  3 river rats (D:8)
  8 adders
  A shadow imp (D:9)
  2 giant mites
  An adder skeleton (D:5)
  32 orcs
  2 bat skeletons
  8 goblins
  12 hobgoblins
  15 jackals
  9 kobolds
  3 quokkas
  A ball python (D:2)
  23 bats
  8 giant cockroaches
  6 giant geckos
  A giant gecko zombie (D:5)
  7 giant newts
  A quokka skeleton (D:4)
  22 rats
  5 ballistomycetes (D:8)
221 creatures vanquished.

Vanquished Creatures (others)
  A troll (D:8)
  A hippogriff (Lair:1)
  A sky beast (D:7)
  2 ogres
  2 giant spores (D:8)
  4 fungi
11 creatures vanquished.

Grand Total: 232 creatures vanquished

Notes
Turn   | Place    | Note
--------------------------------------------------------------
     0 | Abyss:1  | dysrexia, the Octopode Abyssal Knight, began the quest for the Orb.
     0 | Abyss:1  | Reached XP level 1. HP: 16/16 MP: 1/1
    27 | Abyss:1  | Found a corrupted altar of Lugonu.
    46 | Abyss:1  | Noticed a smoke demon
    47 | D:1      | Escaped the Abyss
   156 | D:1      | Reached XP level 2. HP: 14/21 MP: 2/2
   537 | D:1      | Acquired Lugonu's first power
   537 | D:1      | Reached XP level 3. HP: 26/26 MP: 3/3
  1108 | D:2      | Reached skill level 4 in Long Blades
  1154 | D:2      | Reached XP level 4. HP: 25/31 MP: 5/5
  1967 | D:3      | Acquired Lugonu's second power
  2027 | D:3      | Reached skill level 5 in Long Blades
  2027 | D:3      | Reached XP level 5. HP: 36/36 MP: 6/6
  2069 | D:3      | Noticed an ice beast
  2634 | D:3      | Reached skill level 1 in Stealth
  2641 | D:3      | Found a radiant altar of Vehumet.
  3180 | D:4      | Noticed Adolphin's ghost (average DsWn)
  3305 | D:4      | Reached XP level 6. HP: 25/43 MP: 7/7
  3391 | D:4      | Found Wimiu's Magic Scroll Emporium.
  3394 | D:4      | Bought a scroll of identify for 20 gold pieces
  3394 | D:4      | Bought a scroll of enchant weapon for 75 gold pieces
  3394 | D:4      | Bought a scroll of identify for 20 gold pieces
  3553 | D:4      | Acquired Lugonu's third power
  3641 | D:5      | Entered Level 5 of the Dungeon
  3673 | D:5      | Found a staircase to the Ecumenical Temple.
  3889 | D:5      | Got a coiled silver ring
  3894 | D:5      | Identified the ring "Ikkour" {Fire Contam +Inv rPois SInv} (You found it on level 5 of the Dungeon)
  4560 | D:5      | Reached skill level 5 in Fighting
  4744 | D:6      | Reached XP level 7. HP: 44/50 MP: 9/9
  5009 | D:6      | Found a white marble altar of Elyvilon.
  5294 | D:7      | Found a snail-covered altar of Cheibriados.
  5482 | D:7      | Found Gafaf's Book Shoppe.
  5865 | D:7      | Reached skill level 5 in Invocations
  6175 | D:7      | Found Fruworir's Antique Weapon Emporium.
  6184 | D:7      | Found Presk's Armour Shop.
  6200 | D:7      | Reached skill level 6 in Invocations
  6200 | D:7      | Reached XP level 8. HP: 53/56 MP: 14/17
  6451 | D:7      | Reached skill level 7 in Invocations
  7172 | D:8      | Acquired Lugonu's fourth power
  7641 | D:8      | Reached skill level 8 in Invocations
  7653 | D:8      | Found a staircase to the Lair.
  7869 | D:8      | Reached skill level 9 in Invocations
  7943 | D:8      | Reached XP level 9. HP: 13/61 MP: 22/22
  8207 | D:8      | Noticed a troll
  8214 | D:8      | Banished a troll
  8233 | D:8      | Reached skill level 10 in Invocations
  8555 | D:8      | Noticed Erolcha
  8557 | D:8      | Banished Erolcha
  9312 | Lair:1   | Entered Level 1 of the Lair of Beasts
  9312 | Lair:1   | Noticed Nergalle
  9315 | Lair:1   | Noticed a spiny frog
  9317 | Lair:1   | Banished Nergalle
  9317 | Lair:1   | Reached skill level 5 in Dodging
  9329 | D:8      | Killed a spiny frog
  9587 | Lair:1   | Reached skill level 5 in Shields
  9587 | Lair:1   | Reached XP level 10. HP: 7/66 MP: 23/23
  9970 | Lair:1   | Noticed a black mamba
  9989 | Lair:1   | Killed a black mamba
 10456 | D:9      | Found a burning altar of Makhleb.
 10893 | D:8      | Identified a scroll of acquirement
 11329 | D:8      | Mangled by a yak

Action                   |  1- 3 |  4- 6 |  7- 9 | 10-12 || total
-------------------------+-------+-------+-------+-------++-------
Melee: Falchion          |    56 |   203 |   324 |    97 ||   680
Throw: Stone             |     6 |    36 |    34 |     5 ||    81
       Throwing net      |       |       |     5 |       ||     5
Invok: Depart the Abyss  |     1 |       |       |       ||     1
       Banish            |       |     1 |    10 |     1 ||    12
  Use: Scroll            |       |    15 |     1 |     5 ||    21
       Potion            |       |       |     3 |       ||     3
 Stab: Sleeping          |     1 |     7 |     8 |     1 ||    17
       Distracted        |       |     1 |     1 |       ||     2
       Held in net/web   |       |       |     2 |       ||     2
  Eat: Chunk             |     1 |    12 |    16 |     3 ||    32
       Pizza             |       |       |     1 |       ||     1
       Royal jelly       |       |       |     1 |       ||     1
       Bread ration      |       |       |       |     1 ||     1
